 Dungeon Crawl Stone Soup version 0.19-a0-1676-g39ae8cc (webtiles) character file.

113 Goblin1989 the Ducker (level 4, -1/23 HPs)
             Began as a Spriggan Berserker on Sept 23, 2016.
             Was a Believer of Trog.
             Killed from afar by an orc wizard (8 damage)
             ... with a magic dart
             ... on level 3 of the Dungeon.
             The game lasted 00:06:33 (2724 turns).

Goblin1989 the Ducker (Spriggan Berserker)          Turns: 2724, Time: 00:06:34

Health: -1/23      AC:  2    Str: 13    XL:     4   Next: 65%
Magic:  5/5        EV: 20    Int:  8    God:    Trog [**....]
Gold:   114        SH:  0    Dex: 16    Spells: 0 memorised, 3 levels left

rFire  . . .     SeeInvis +     a - +0 short sword
rCold  . . .     Gourm    .     b - +0 animal skin
rNeg   . . .     Faith    .     (shield restricted)
rPois  .         Spirit   .     (helmet restricted)
rElec  .         Dismiss  .     (no cloak)
rCorr  .         Reflect  .     (gloves unavailable)
MR     .....     Harm     .     (boots unavailable)
Stlth  ++........               (no amulet)
                                (no ring)
                                (no ring)

@: very quick
A: unfitting armour, see invisible, herbivore 3, speed 3, slow metabolism 2
a: Berserk, Trog's Hand, Burn Spellbooks, Renounce Religion


You were on level 3 of the Dungeon.
You worshipped Trog.
Trog was pleased with you.
You were not hungry.

You visited 1 branch of the dungeon, and saw 3 of its levels.

You collected 114 gold pieces.

Inventory:

Hand Weapons
 a - a +0 short sword (weapon)
 m - a cursed +0 hunting sling
Missiles
 i - 5 needles of confusion
Armour
 b - a +0 animal skin (worn)
Scrolls
 f - a scroll of magic mapping {unknown}
 g - 2 scrolls of remove curse {unknown}
 j - 2 scrolls of fog {unknown}
 l - a scroll of amnesia {unknown}
 n - a scroll of enchant weapon {unknown}
 o - a scroll of immolation {unknown}
Potions
 d - 2 potions of heal wounds {unknown}
 e - a potion of lignification
 h - a potion of brilliance {unknown}
 k - 2 potions of resistance {unknown}
Comestibles
 c - 2 bread rations
 p - a royal jelly


   Skills:
 + Level 2.9 Fighting
 * Level 4.8 Short Blades
 + Level 4.9 Dodging
 + Level 2.7 Stealth


You had 3 spell levels left.
You didn't know any spells.

Dungeon Overview and Level Annotations

Branches:
Dungeon (3/15)

Altars:
Fedhas
Qazlal


Innate Abilities, Weirdness & Mutations

You are tiny and cannot use many weapons and most armour.
You have supernaturally acute eyesight. (SInv)
You are a herbivore.
You cover ground extremely quickly.
You need consume almost no food.


Message History

The orc wizard closely misses you.
You closely miss the orc wizard.
The orc wizard is heavily wounded.
You barely miss the orc wizard.
The orc wizard is heavily wounded.
The orc wizard closely misses you.
You hit the orc wizard.
The orc wizard is severely wounded.
The orc wizard misses you.
You closely miss the orc wizard.
The orc wizard is severely wounded.
The orc wizard gestures at you while chanting.
The magic dart hits you!
You take 7 damage, and have 7/23 hp.
MASSIVE DAMAGE!!
You closely miss the orc wizard.
The orc wizard is severely wounded.
The orc wizard points at you and mumbles some strange words.
The magic dart hits you!
You die...

#......).........#
#................#
#................#
#................#
##..........$...#
##.....#<......#
#######.#####..#
#o# #@# #%# #.#
#.# #.# #.# #.#
#.#


You could see an orc wizard.

Vanquished Creatures
  A gnoll (D:1)
  3 adders (D:2)
  2 oozes
  3 worms (D:2)
  2 leopard geckos (D:1)
  2 orcs (D:3)
  4 bats
  4 giant cockroaches
  8 goblins
  8 hobgoblins
  3 jackals (D:1)
  4 kobolds
  2 quokkas
  2 frilled lizards (D:2)
  5 rats
53 creatures vanquished.

Notes
Turn   | Place    | Note
-------+----------+-------------------------------------------
     0 | D:1      | Goblin1989 the Spriggan Berserker began the quest for the Orb.
     0 | D:1      | Reached XP level 1. HP: 11/11 MP: 2/2
   176 | D:1      | Reached XP level 2. HP: 6/16 MP: 3/3
   411 | D:1      | Reached skill level 1 in Stealth
   651 | D:1      | Reached XP level 3. HP: 19/19 MP: 4/4
  1335 | D:2      | Reached ** piety under Trog
  1396 | D:2      | Reached XP level 4. HP: 23/23 MP: 5/5
  2456 | D:3      | Found a blossoming altar of Fedhas.
  2466 | D:3      | Found a stormy altar of Qazlal.
  2724 | D:3      | Killed from afar by an orc wizard

Vault maps used:
D:1:      minmay_arrival_solitary_statue, minmay_ruptured
D:2:      serial_curves, eino_curves_01, eino_curves_02,
          hangedman_abyss_or_decor_stabs
D:3:      grunt_temple_overflow_forces_of_nature, lemuel_coloured_pillars_altar,
          nicolae_dithmenos_through_a_glass_darkly, lemuel_doored_altar

Skill      XL: |  1  2  3 |
---------------+----------+-----
Stealth        | 1 2 |  2.7
Short Blades   | 4 |  4.8
Fighting       | |  2.9
Dodging        | |  4.9

Action                   |  1- 3 |  4- 6 || total
-------------------------+-------+-------++-------
Melee: Short sword       |   122 |   136 ||   258
  Use: Potion            |       |     1 ||     1
 Stab: Sleeping          |     4 |       ||     4
       Distracted        |     1 |     2 ||     3
Armor: Animal skin       |     5 |     5 ||    10
       Skin              |       |    17 ||    17
Dodge: Dodged            |    92 |    74 ||   166
